AoeStats
← kevinbeyens

Black Forest

506715337Analyzed
1v1 RM · 19d ago on Sep 14, 2026· 35m 53s· 2 players
Game mode
Random Map
Map size
Tiny (2 player)
Population
200
Speed
Normal
Resources
Standard
Victory
Conquest
Starting age
Dark Age
Ending age
Imperial Age
RankedLock teamsTeams togetherTeam positionsShared explorationLock speedFull tech treeHidden civsTurbo modeCheats
Victory
Defeat
🇧🇪 Romans · Belgium
630
+14
🇦🇷 Cumans · Argentina
589
-14
kevinbeyens
10:29 Feudal Age
10:58 Horse Collar
11:05 Double-Bit Axe
11:14 Gold Mining
14:16 Wheelbarrow
14:54 Man-at-Arms
19:40 Castle Age
19:48 Scale Mail Armor
21:05 Heavy Plow
23:42 Bow Saw
23:07 Long Swordsman
25:09 Stone Mining
27:05 Ballistics
28:21 Husbandry
29:51 Gold Shaft Mining
33:55 Imperial Age
34:30 Cavalier
36:00 Hand Cart
35:34 Loom
Sn4ke!
11:06 Loom
15:04 Feudal Age
16:42 Wheelbarrow
16:48 Double-Bit Axe
20:43 Horse Collar
21:07 Gold Mining
25:27 Castle Age
23:56 Padded Archer Armor
23:47 Fletching
24:15 Forging
25:46 Wheelbarrow
32:14 Hand Cart
33:32 Town Watch
35:53 Town Patrol
Connection lost

Rejoining the realm…

Still unreachable

The connection could not be restored.

Session expired

The server has moved on; the page needs a fresh start.